 Dungeon Crawl Stone Soup version 0.17.0-28-g6e173f8 (console) character file.

6469 Kloppie the Cleaver (level 11, -7/99 HPs)
             Began as a Hill Orc Fighter on Nov 22, 2015.
             Was a Believer of Elyvilon.
             Mangled by a komodo dragon (16 damage)
             ... on level 1 of the Lair of Beasts.
             The game lasted 00:21:14 (10389 turns).

Kloppie the Cleaver (Hill Orc Fighter)             Turns: 10389, Time: 00:21:14

Health: -7/99      AC: 18    Str: 20    XL:     11   Next: 0%
Magic:  4/4        EV:  4    Int:  8    God:    Elyvilon [**....]
Gold:   575        SH:  9    Dex: 13    Spells: 0 memorised, 10 levels left

rFire  + . .     SeeInvis .     y - +3 war axe (antimagic)
rCold  . . .     Clarity  .     N - +0 plate armour
rNeg   . . .     SustAt   .     c - +0 shield
rPois  .         Gourm    .     q - +1 helmet
rElec  .         Spirit   .     (no cloak)
rCorr  .         Warding  .     J - +1 pair of gloves
rMut   .         Stasis   .     (no boots)
MR     +....                    (no amulet)
Stlth  ..........               E - ring of protection from fire
                                z - ring of protection from magic

@: somewhat resistant to hostile enchantments, extremely unstealthy
A: no striking features
a: Lesser Healing, Heal Other, Divine Protection, Renounce Religion


You were on level 1 of the Lair of Beasts.
You worshipped Elyvilon.
Elyvilon was pleased with you.
You were not hungry.

You visited 3 branches of the dungeon, and saw 11 of its levels.
You also visited: Ossuary.

You collected 575 gold pieces.

Inventory:

Hand Weapons
 a - a +0 war axe
 y - a +3 antimagic war axe (weapon)
Armour
 c - a +0 shield (worn)
 q - a +1 helmet (worn)
 J - a +1 pair of gloves (worn)
 N - a +0 plate armour (worn)
Jewellery
 g - an uncursed ring of flight
 z - a ring of protection from magic (left hand)
 E - a ring of protection from fire (right hand)
Wands
 D - a wand of slowing (25)
 K - a wand of cold (14)
Scrolls
 d - a scroll of amnesia
 f - a scroll of enchant armour
 h - a scroll of fog
 i - 2 scrolls of magic mapping
 k - 12 scrolls of remove curse
 r - 4 scrolls of teleportation
Potions
 j - 6 potions of curing
 l - 8 potions of lignification {unknown}
 n - 2 potions of flight
 p - 3 potions of berserk rage {unknown}
 u - 3 potions of haste
 v - a potion of resistance
 B - 2 potions of ambrosia {unknown}
 I - a potion of mutation {unknown}
Comestibles
 b - a chunk of flesh
 e - 7 bread rations
 m - 5 meat rations


   Skills:
 - Level 10.0 Fighting
 + Level 14.4 Axes
 - Level 9.0 Armour
 - Level 3.2 Shields
 + Level 5.1 Invocations


You had 10 spell levels left.
You didn't know any spells.

Dungeon Overview and Level Annotations

Branches:
Dungeon (9/15)             Temple (1/1) D:7            Lair (1/8) D:9
    Orc: D:9-12

Altars:
Ashenzari
Cheibriados
Dithmenos
Elyvilon
Fedhas
Gozag
Kikubaaqudgha
Makhleb
Nemelex Xobeh
Okawaru
Qazlal
Ru
Sif Muna
Trog
Vehumet
Xom
Yredelemnul
Zin
The Shining One

Shops:
D:4 }


Message History

* * * LOW HITPOINT WARNING * * *
You slash the komodo dragon!
The komodo dragon is moderately wounded.
You hit the iguana but do no damage.
The iguana is almost dead.
The iguana bites you but does no damage.
The komodo dragon bites you!
* * * LOW HITPOINT WARNING * * *
The blink frog falters for a moment.
You completely miss the komodo dragon.
The komodo dragon is moderately wounded.
You hit the iguana.
The iguana is almost dead.
The iguana barely misses you. The komodo dragon bites you!
* * * LOW HITPOINT WARNING * * *
Drink which item? (? for menu, Esc to quit)
You feel better. You block the blink frog's attack.
The iguana bites you but does no damage.
The komodo dragon bites you!
You die...

...# ... ♣...
..... ♣..#
..>..
♣♣.........
...#.....
♣...... .
♣Fl#.# #.#
♣♣.@l.#....
♣.......(..
♣♣.........
#♣....#....
♣♣♣.....+ ...
♣.......#....
♣♣......#.. .
♣........##
♣..........


You could see a komodo dragon, a blink frog and an iguana.

Vanquished Creatures
  The ghost of P0WERM0DE the Reanimator, a novice VSNe (D:5)
  5 yaks (Lair:1)
  Sigmund (D:5)
  2 hippogriffs
  Eustachio (D:5)
  Menkaure (D:5)
  Edmund (D:6)
  2 porcupines (Lair:1)
  2 water moccasins (Lair:1)
  The ghost of P0WERM0DE the Magician, an amateur VSNe (D:3)
  8 ogres
  3 orc warriors
  An ice beast (D:5)
  2 phantoms (D:4)
  A sky beast (D:8)
  A crocodile (Lair:1)
  2 centaurs
  3 elf zombies (Ossuary)
  4 giant frogs
  2 scorpions
  4 crimson imps
  4 hounds
  A quasit (D:9)
  A giant frog zombie (D:6)
  5 centaur zombies
  A human zombie (Ossuary)
  7 orc priests
  A jelly (D:7)
  6 worker ants
  12 orc wizards
  3 iguanas
  A sheep (D:9)
  2 hell rats (D:5)
  A big kobold zombie (Ossuary)
  A killer bee zombie (D:9)
  A hound skeleton (D:6)
  2 mummies (Ossuary)
  17 river rats
  13 adders
  6 gnolls
  An adder zombie (Ossuary)
  6 worms
  58 orcs
  3 ball pythons
  12 bats
  4 giant cockroaches
  4 hobgoblins
  2 quokkas
  4 giant geckos
  2 giant gecko skeletons
  A giant gecko zombie (D:5)
  10 giant newts
  8 goblins
  11 hobgoblin zombies (Ossuary)
  20 jackals
  7 kobolds
  9 kobold zombies (Ossuary)
  7 orc zombies (Ossuary)
  35 rats
337 creatures vanquished.

Notes
Turn   | Place    | Note
--------------------------------------------------------------
     0 | D:1      | Kloppie the Hill Orc Fighter began the quest for the Orb.
     0 | D:1      | Reached XP level 1. HP: 19/19 MP: 1/1
   278 | D:1      | Reached XP level 2. HP: 20/27 MP: 2/2
   360 | D:1      | Reached skill level 4 in Fighting
   739 | D:2      | Reached XP level 3. HP: 23/33 MP: 3/3
   868 | D:2      | Found a glowing golden altar of the Shining One.
  1139 | D:2      | Found a shadowy altar of Dithmenos.
  1142 | D:2      | Found a shimmering altar of Xom.
  1142 | D:2      | Found a blossoming altar of Fedhas.
  1146 | D:2      | Found an iron altar of Okawaru.
  1146 | D:2      | Found a sacrificial altar of Ru.
  1649 | D:2      | Reached XP level 4. HP: 41/41 MP: 4/4
  2003 | D:3      | Reached skill level 5 in Axes
  2125 | D:3      | Noticed a moth of wrath
  2128 | D:3      | Found a bloodstained altar of Trog.
  2162 | D:3      | Reached skill level 5 in Fighting
  2420 | D:3      | HP: 2/42 [adder (1)]
  2672 | D:3      | Noticed P0WERM0DE's ghost (amateur VSNe)
  2679 | D:3      | Killed P0WERM0DE's ghost
  2679 | D:3      | Reached XP level 5. HP: 46/50 MP: 5/5
  2762 | D:3      | Reached skill level 6 in Axes
  2896 | D:2      | Reached XP level 6. HP: 53/57 MP: 6/6
  3546 | D:4      | Reached skill level 7 in Axes
  3658 | D:4      | Reached XP level 7. HP: 44/64 MP: 7/7
  4038 | D:4      | Found Yvatilell's Gadget Shoppe.
  4075 | D:4      | Reached skill level 8 in Axes
  4467 | D:5      | Entered Level 5 of the Dungeon
  4473 | D:5      | Reached XP level 8. HP: 68/74 MP: 8/8
  4475 | D:5      | Noticed Menkaure
  4486 | D:5      | Killed Menkaure
  4486 | D:5      | Reached skill level 9 in Axes
  4578 | D:5      | Noticed P0WERM0DE's ghost (novice VSNe)
  5196 | D:5      | Noticed Eustachio
  5234 | D:5      | Killed Eustachio
  5453 | D:6      | Noticed Edmund
  5463 | D:6      | Killed Edmund
  5463 | D:6      | Reached skill level 10 in Axes
  5656 | D:6      | Reached skill level 10 in Fighting
  5663 | D:6      | Reached XP level 9. HP: 85/85 MP: 9/9
  5843 | D:6      | Reached skill level 11 in Axes
  6444 | D:7      | Reached skill level 5 in Armour
  6554 | D:7      | Found a staircase to the Ecumenical Temple.
  6920 | D:7      | Found a glowing silver altar of Zin.
  6955 | D:7      | Found a sand-covered staircase.
  6960 | Ossuary  | Entered an ossuary
  7087 | Ossuary  | Reached skill level 12 in Axes
  7262 | Temple   | Entered the Ecumenical Temple
  7305 | Temple   | Became a worshipper of Elyvilon the Healer
  7580 | D:5      | Killed P0WERM0DE's ghost
  7580 | D:5      | Reached XP level 10. HP: 80/93 MP: 3/10
  7950 | D:5      | Noticed Sigmund
  7956 | D:5      | Killed Sigmund
  7956 | D:5      | Reached skill level 13 in Axes
  8099 | D:5      | Reached * piety under Elyvilon
  8493 | D:8      | Found a shattered altar of Ashenzari.
  9131 | D:9      | Got a crude scale mail
  9136 | D:9      | Found a staircase to the Lair.
  9136 | D:9      | Noticed a death yak
  9137 | D:9      | Noticed an elephant
  9859 | Lair:1   | Entered Level 1 of the Lair of Beasts
  9869 | Lair:1   | Identified a +0 rod of clouds (10/10) (You found it on level 9 of the Dungeon)
  9917 | Lair:1   | Reached skill level 1 in Invocations
 10028 | Lair:1   | Reached skill level 14 in Axes
 10218 | Lair:1   | Reached ** piety under Elyvilon
 10234 | Lair:1   | Identified the +1 scale mail "Ituorhoz" {Str+3} (You found it on level 9 of the Dungeon)
 10361 | Lair:1   | Reached skill level 5 in Invocations
 10361 | Lair:1   | Reached XP level 11. HP: 61/99 MP: 4/14
 10388 | Lair:1   | HP: 3/99 [komodo dragon (15)]
 10389 | Lair:1   | Mangled by a komodo dragon

Action                   |  1- 3 |  4- 6 |  7- 9 | 10-12 || total
-------------------------+-------+-------+-------+-------++-------
Melee: War axe           |   120 |   210 |   435 |   315 ||  1080
  Use: Potion            |       |     2 |     2 |     1 ||     5
       Scroll            |       |     7 |     6 |     5 ||    18
  Eat: Chunk             |     2 |     7 |    11 |     6 ||    26
       Beef jerky        |       |       |     1 |       ||     1
       Bread ration      |       |       |       |     1 ||     1
